Cogmind - Beta 14 @@@ ROGUE MODE // 2024.09.02 @ 03:26:54 Player: Decinym Result: Self-destructed Performance ------------- Evolutions (2) 1000 Regions Visited (9) 1800 Robots Destroyed (106) 530 Value Destroyed (4047) 4047 Prototype IDs (28) 560 Alien Tech Used (0) 0 Bonus (1299) 1299 TOTAL SCORE: 9236 Bonus ------- High Alert Combat Kills 548 Follower Combat Kills 400 Entered Garrisons 200 Aligned with FarCom 300 Friendly Fire -149 Cogmind --------- Core Integrity 191/550 Matter 260/300 Energy 81/280 System Corruption 0% Temperature Warm (142) Movement Treading (243) Ox1 Location -8/Scraptown Parts ------- > --- POWER (1) -------- Cooled Ion Engine > --- PROPULSION (4) --- Light Treads Light Treads Armored Treads > --- UTILITY (4) ------ Huge Storage Unit Hardened Heavy Armor Plating > --- WEAPON (2) ------- Heavy EM Shotgun Heavy EM Shotgun > --- INVENTORY (25) --- Cooled Ion Engine Cooled Ion Engine Light Treads Light Treads Light Treads Light Treads Light Treads Medium Treads Heat Sink High-capacity Storage Unit Structural Scanner Hardened Heavy Armor Plating Hardened Heavy Armor Plating Hardlight Generator Splice Drone Bay (6/6) Heavy Particle Gun Proton Cannon Proton Cannon Flak Gun Flak Gun Missile Launcher Plasma Cutter CPS Tube (1) Peak State ------------ > --- POWER ------------ Improved Deuterium Engine > --- PROPULSION ------- Light Treads Light Treads Light Treads Medium Treads > --- UTILITY ---------- Improved Heat Sink Huge Storage Unit Improved Light Armor Plating Splice Drone Bay > --- WEAPON ----------- Flak Gun Flak Gun > --- INVENTORY -------- Ion Engine Ion Engine Improved Ion Engine Light Treads Light Treads Compact Wheel Heat Sink Large Storage Unit High-capacity Storage Unit Structural Scanner Light Armor Plating Light Armor Plating Hardened Medium Armor Plating Hardened Medium Armor Plating Medium Insulated Plating Medium Insulated Plating Medium Insulated Plating Medium Insulated Plating Improved Trap Extractor Arc Projector Flak Gun Flak Gun [Rating: 38] Favorites ----------- Power Cooled Ion Engine Engine Cooled Ion Engine Propulsion Light Treads Treads Light Treads Leg Aluminum Leg Wheel Compact Wheel Utility Improved Heat Sink Device Improved Heat Sink Storage Huge Storage Unit Protection Hardened Heavy Armor Plating Weapon Proton Cannon Energy Gun Heavy EM Shotgun Energy Cannon Proton Cannon Ballistic Gun Assault Rifle Special Weapon CPS Tube Build | -11 -10 -10 -10 -9 -8 -8 -8 -8 -8 ------- Run | Yrd Mat Min Exi Min Mat Sto Gar Rec Scr Slots Evolved 4 | . . . . . 4 . . . . Power . | . . . . . . . . . . Propulsion 2 | . . . . . 2 . . . . Utility 2 | . . . . . 2 . . . . Weapon . | . . . . . . . . . . Parts Attached 96 | . 11 15 6 8 6 30 10 1 9 Power 5 | . 1 2 . 1 . 1 . . . Engine 5 | . 1 2 . 1 . 1 . . . Core . | . . . . . . . . . . Reactor . | . . . . . . . . . . Propulsion 36 | . 4 6 2 4 2 11 4 1 2 Treads 24 | . . . . 4 2 11 4 1 2 Leg 10 | . 4 6 . . . . . . . Wheel 2 | . . . 2 . . . . . . Hover . | . . . . . . . . . . Flight . | . . . . . . . . . . Utility 27 | . 4 5 3 . 4 8 3 . . Device 11 | . 2 5 1 . 2 1 . . . Storage 5 | . 2 . 2 . 1 . . . . Processor . | . . . . . . . . . . Hackware . | . . . . . . . . . . Protection 11 | . . . . . 1 7 3 . . Artifact . | . . . . . . . . . . Weapon 28 | . 2 2 1 3 . 10 3 . 7 Energy Gun 19 | . . 1 1 3 . 8 3 . 3 Energy Cannon 3 | . . . . . . . . . 3 Ballistic Gun 5 | . 2 1 . . . 2 . . . Ballistic Cannon . | . . . . . . . . . . Launcher . | . . . . . . . . . . Special Weapon 1 | . . . . . . . . . 1 Impact Weapon . | . . . . . . . . . . Slashing Weapon . | . . . . . . . . . . Piercing Weapon . | . . . . . . . . . . Special Melee Weapon . | . . . . . . . . . . Unidentified Prototypes 5 | . . 1 . . . 4 . . . Parts Lost 10 | . . 4 . . 1 2 1 . 2 Power 1 | . . 1 . . . . . . . Propulsion 2 | . . . . . . 1 . . 1 Utility 5 | . . 2 . . 1 1 . . 1 Weapon 2 | . . 1 . . . . 1 . . Highest Loss Streak 2 | . . 2 . . 1 1 1 . 2 To Critical Strikes . | . . . . . . . . . . Average Slot Usage (%) 92 | . 97 99 73 97 89 94 94 89 89 Engine 10 | . 14 14 14 14 9 9 9 9 9 Treads 25 | . . . . 28 36 35 35 36 36 Leg 7 | . 28 28 26 . . . . . . Device 10 | . 12 13 14 14 9 10 9 9 9 Storage 10 | . 14 14 14 14 9 9 9 9 9 Protection 7 | . . . . . 7 12 13 9 9 Energy Gun 10 | . . 10 1 26 18 15 18 17 . Energy Cannon 3 | . . . . . . . . . 17 Ballistic Gun 5 | . 27 17 . . . 2 . . . Peak Build Rating 38 | . 10 15 15 23 30 38 34 34 38 Average Rating 26 | . 9 13 9 14 24 32 33 32 36 On Entrance 19 | 6 6 10 15 13 23 30 31 33 26 Naked Turns . | . . . . . . . . . . Heaviest Build 125 | 14 30 33 46 39 103 114 117 117 125 Greatest Support 88 | 20 20 20 32 48 88 88 80 80 80 Greatest Overweight (x) 2 | . 1 1 2 . 1 1 1 1 1 Average Overweight (x) . | . . 1 1 . . 1 1 1 1 Largest Inventory Capacity 25 | . 15 15 20 15 25 25 25 25 25 Average Capacity 21 | . 14 15 15 15 16 25 25 25 25 Most Carried 25 | . 15 15 15 14 19 25 25 25 25 Average Carried 20 | . 10 14 14 11 13 23 24 23 24 Final Capacity 25 | 8 15 15 15 15 25 25 25 25 25 Final Carried 25 | 6 13 15 13 14 19 25 23 25 25 Class Distribution -------------------- 38% | Scavenger-Mutant 38% | Commander-Mutant 22% | Mutant Dominant Class ---------------- Mutant | -10/Materials Scavenger-Mutant | -10/Mines Scavenger-Mutant | -10/Exiles Scavenger-Mutant | -9/Mines Mutant | -8/Materials Scavenger-Mutant | -8/Storage Scavenger-Mutant | -8/Garrison Commander-Mutant | -8/Recycling Commander-Mutant | -8/Scraptown Resources | -11 -10 -10 -10 -9 -8 -8 -8 -8 -8 ----------- Run | Yrd Mat Min Exi Min Mat Sto Gar Rec Scr Matter Collected 1905 | 200 384 377 . 64 116 559 113 35 57 Remotely . | . . . . . . . . . . Salvage Created 4401 | . 338 558 . . 239 2013 878 328 47 Parts 243 | . 23 28 . . 15 124 32 19 2 Haulers Intercepted 6 | . 1 . . . . 5 . . . Recyclers Shooed 4 | . 2 1 . . . 1 . . . Parts Field Recycled . | . . . . . . . . . . Retrieved Matter . | . . . . . . . . . . Parts Self-Destructed . | . . . . . . . . . . Prevented . | . . . . . . . . . . Kills | -11 -10 -10 -10 -9 -8 -8 -8 -8 -8 ------- Run | Yrd Mat Min Exi Min Mat Sto Gar Rec Scr Combat Hostiles Destroyed 85 | . 6 16 . . 6 36 17 4 . Guns 80 | . 6 16 . . 5 34 15 4 . AOE 3 | . . . . . 1 1 1 . . Classes Destroyed 16 | . 3 3 . . 1 7 1 1 . Worker 6 | . . . . . . 6 . . . Tunneler 1 | . . 1 . . . . . . . Hauler 6 | . 1 . . . . 5 . . . Recycler 3 | . . . . . . 2 . 1 . Mechanic 1 | . . . . . . 1 . . . Operator 2 | . . . . . . 2 . . . Watcher 3 | . 1 . . . . 2 . . . Swarmer 14 | . . 3 . . 3 7 1 . . Grunt 38 | . 6 11 . . 2 14 4 1 . Brawler 3 | . . . . . . 1 2 . . Duelist 4 | . . . . . . 1 2 1 . Protector 1 | . . . . . . . . 1 . Sentry 18 | . . . . . 1 11 5 1 . Hunter 5 | . . . . . . 2 2 . 1 Programmer 1 | . . . . . . . 1 . . Assembled 2 | . . 2 . . . . . . . Best Kill Streak 11 | . 3 6 . . 3 11 3 2 . Combat Bots Only 8 | . 2 5 . . 3 8 3 2 . Max Kills in Single Turn 2 | . 1 2 . . 1 2 2 1 1 Gunslinging 1 | . . 1 . . . . 1 . . Exploded 1 | . . . . . 1 1 1 . . Melee . | . . . . . . . . . . Uniques/NPCs Destroyed . | . . . . . . . . . . Combat | -11 -10 -10 -10 -9 -8 -8 -8 -8 -8 -------- Run | Yrd Mat Min Exi Min Mat Sto Gar Rec Scr Hostile Shots Fired 425 | . 52 117 . . 26 140 62 6 22 Missed 106 | . 15 27 . . 7 32 18 1 6 Damage Taken 4694 | . 502 984 . . 203 1636 817 57 495 Core 585 | . 61 165 . . . 115 80 . 164 Absorbed by Shields 37 | . . . . . . . . 3 34 Regen/Repaired (Parts) 255 | . 139 . . . . 116 . . . Core Remaining (%) 54 | 100 . . . 9 . . . . . Volleys Fired 289 | . 40 57 3 . 14 109 52 8 6 Largest 2 | . 2 2 1 . 2 2 2 2 2 Hottest 150 | . 40 95 75 . 110 116 116 100 150 Shots Fired 567 | . 81 114 3 . 28 209 105 17 10 Gun 562 | . 81 114 3 . 28 209 105 17 5 Cannon 4 | . . . . . . . . . 4 Launcher . | . . . . . . . . . . Special 1 | . . . . . . . . . 1 Kinetic 208 | . 81 81 . . . 46 . . . Thermal 230 | . . 33 3 . . 133 61 . . Explosive . | . . . . . . . . . . Electromagnetic 128 | . . . . . 28 30 44 17 9 Robot Hit Streak 17 | . 8 17 . . 5 12 13 10 7 Robot Miss Streak 7 | . 5 3 . . 2 7 4 3 1 Penetration Max . | . . . . . . . . . . Secondary Targets 16 | . 2 5 . . 1 5 3 . . Max Gunslinging Chain 1 | . 1 1 . . 1 1 1 . . Shots Hit Robots 377 | . 46 71 . . 20 146 72 13 9 Core Hits 239 | . 21 32 . 1 11 126 34 12 2 Critical Kills . | . . . . . . . . . . Critical Parts Destroyed . | . . . . . . . . . . Critical Strikes 8 | . . 3 . . . 4 1 . . Burn 8 | . . 3 . . . 4 1 . . Melee Attacks . | . . . . . . . . . . Impact . | . . . . . . . . . . Slashing . | . . . . . . . . . . Piercing . | . . . . . . . . . . Sneak Attacks . | . . . . . . . . . . Combat Hostiles . | . . . . . . . . . . Follow-up Attacks . | . . . . . . . . . . Damage Inflicted 7024 | . 759 1113 . 2 249 3077 1444 290 90 Guns 6532 | . 629 1111 . . 214 2884 1374 290 30 Cannons 60 | . . . . . . . . . 60 Explosions 294 | . 126 . . . 35 63 70 . . Melee . | . . . . . . . . . . Ramming 138 | . 4 2 . 2 . 130 . . . Kinetic 2181 | . 629 726 . . . 826 . . . Thermal 3311 | . 71 385 . . 35 1942 878 . . Explosive 63 | . . . . . . 63 . . . Electromagnetic 1331 | . 55 . . . 214 116 566 290 90 Impact . | . . . . . . . . . . Slashing . | . . . . . . . . . . Piercing . | . . . . . . . . . . Highest Corruption 3 | . 2 2 2 2 . 2 3 3 . Average Corruption 2 | . 2 2 2 2 . 2 2 3 . Corruption Purged . | . . . . . . . . . . Corruption Blocked . | . . . . . . . . . . Effects 106 | . 14 14 6 2 . 27 22 21 . Message Errors 28 | . 1 4 3 . . 8 5 7 . Matter Fused 21 | . 5 5 . 1 . 3 2 5 . Heat Flow Errors 10 | . 3 1 . . . 4 1 1 . Energy Discharges 19 | . 2 1 2 1 . 5 7 1 . Parts Rejected 2 | . . . . . . . 1 1 . Parts Fused 1 | . . 1 . . . . . . . Data Loss (minor) 9 | . . . . . . 1 4 4 . Data Loss (major) 3 | . . . . . . 2 . 1 . Misfires 5 | . 2 1 . . . . 1 1 . Alerts 6 | . . 1 1 . . 3 1 . . Weapon Failures 2 | . 1 . . . . 1 . . . Overload Shots . | . . . . . . . . . . Overflow Damage . | . . . . . . . . . . Projectiles . | . . . . . . . . . . Explosions . | . . . . . . . . . . Melee . | . . . . . . . . . . Knockbacks 2 | . . . . . . 2 . . . Impact 2 | . . . . . . 2 . . . Kinetic . | . . . . . . . . . . Secondary . | . . . . . . . . . . Self-Inflicted Damage 102 | . 4 . . . . 58 40 . . Shots 3 | . 1 . . . . 1 1 . . Rammed 7 | . . . . 1 . 6 . . . Targets Rammed 12 | . 1 1 . 1 . 9 . . . Kicked 2 | . 1 1 . . . . . . . Crushed 3 | . . . . . . 3 . . . Highest Temperature 302 | . 243 302 18 . 168 274 216 146 160 Average Temperature 59 | . 98 64 10 . 67 68 38 17 80 Received Heat Transfer 1764 | . 303 507 . . 90 612 162 18 72 Effects 2 | . . . . . . 2 . . . Energy Bleed 2 | . . . . . . 2 . . . Siege Activations . | . . . . . . . . . . Robots Corrupted 1 | . . . . . . . 1 . . Combat Hostiles 1 | . . . . . . . 1 . . Parts Fried 11 | . . . . . 2 2 6 1 . Impact Corruptions . | . . . . . . . . . . Robots Melted 1 | . . . . . . 1 . . . Combat Hostiles 1 | . . . . . . 1 . . . Parts Melted 17 | . . 2 . . . 11 4 . . Heat Transferred 6269 | . 50 851 . . . 3959 1409 . . Parts Sabotaged . | . . . . . . . . . . Parts Stolen . | . . . . . . . . . . Parts Stripped . | . . . . . . . . . . Power Chain Reactions 3 | . . . . . 1 . 2 . . Alert | -11 -10 -10 -10 -9 -8 -8 -8 -8 -8 ------- Run | Yrd Mat Min Exi Min Mat Sto Gar Rec Scr Peak Influence 1285 | . 69 185 . 10 158 604 1285 671 . Initial 577 | . . . . . 3 66 392 577 . Average 388 | . 42 62 . 2 92 399 856 539 . Maximum Alert Level 4 | . . . . . . 2 4 2 . Low Security (%) 40 | . 100 100 . 100 100 14 . . . Level 1 12 | . . . . . . 34 . 20 . Level 2 31 | . . . . . . 51 30 79 . Level 3 9 | . . . . . . . 43 . . Level 4 5 | . . . . . . . 26 . . Level 5 . | . . . . . . . . . . High Security . | . . . . . . . . . . Max Security . | . . . . . . . . . . Squads Dispatched 6 | . . . . . 1 5 . . . Investigation 3 | . . . . . 1 2 . . . Extermination . | . . . . . . . . . . Reinforcement 2 | . . . . . . 2 . . . Assault 1 | . . . . . . 1 . . . Garrison . | . . . . . . . . . . Intercept . | . . . . . . . . . . Searches Triggered . | . . . . . . . . . . Construction Impeded . | . . . . . . . . . . Haulers Reinforced . | . . . . . . . . . . Active Scanning Responses . | . . . . . . . . . . Cargo Convoy Interrupts . | . . . . . . . . . . Stealth | -11 -10 -10 -10 -9 -8 -8 -8 -8 -8 --------- Run | Yrd Mat Min Exi Min Mat Sto Gar Rec Scr Distress Signals 2 | . . . . . . 2 . . . Communications Jammed . | . . . . . . . . . . Distress Signals . | . . . . . . . . . . Times Spotted 123 | . 8 18 . . 6 51 29 4 7 Peak Tracking Total 9 | . 3 5 9 . 2 5 9 2 6 Tactical Retreats 5 | . . 2 . . . 2 1 . . Traps | -11 -10 -10 -10 -9 -8 -8 -8 -8 -8 ------- Run | Yrd Mat Min Exi Min Mat Sto Gar Rec Scr Traps Triggered 6 | . 1 . . 1 1 1 2 . . Indirectly . | . . . . . . . . . . Trap Hack Attempts . | . . . . . . . . . . Triggered . | . . . . . . . . . . Disarmed 3 | . . . . . . 3 . . . Reprogrammed . | . . . . . . . . . . Reused . | . . . . . . . . . . Traps Extracted . | . . . . . . . . . . Installed . | . . . . . . . . . . Triggered 1 | . . . . 1 . . . . . Machines | -11 -10 -10 -10 -9 -8 -8 -8 -8 -8 ---------- Run | Yrd Mat Min Exi Min Mat Sto Gar Rec Scr Machines Disabled 12 | . 3 . 1 . . 5 3 . . Max in Single Turn 3 | . 3 . 1 . . 1 1 . . Garrison Relay 3 | . . . . . . . 3 . . Machines Repaired . | . . . . . . . . . . Machines Dismantled . | . . . . . . . . . . Machines Sabotaged . | . . . . . . . . . . Overloaded Fab Kills . | . . . . . . . . . . Hacking | -11 -10 -10 -10 -9 -8 -8 -8 -8 -8 --------- Run | Yrd Mat Min Exi Min Mat Sto Gar Rec Scr Machines Accessed 25 | . 7 1 2 1 1 11 . 2 . Terminals 17 | . 6 . . . 1 8 . 2 . Fabricators . | . . . . . . . . . . Repair Stations 3 | . 1 . . . . 2 . . . Recycling Units . | . . . . . . . . . . Scanalyzers . | . . . . . . . . . . Garrison Access 1 | . . . . . . 1 . . . Total Hacks 55 | . 23 1 2 1 2 23 . 3 . Successful 32 | . 16 1 2 1 2 10 . . . Failed 22 | . 6 . . . . 13 . 3 . Catastrophic 3 | . . . . . . 2 . 1 . Database Lockouts 1 | . 1 . . . . . . . . Manual 41 | . 18 . 1 . 1 18 . 3 . Terminals 40 | . 19 . . . 2 16 . 3 . Fabricators . | . . . . . . . . . . Repair Stations 10 | . 4 . . . . 6 . . . Recycling Units . | . . . . . . . . . . Scanalyzers . | . . . . . . . . . . Garrison Access 1 | . . . . . . 1 . . . Terminal Hacks 15 | . 5 1 2 1 1 5 . . . Record 1 | . . . 1 . . . . . . Robot Analysis 2 | . 2 . . . . . . . . Open Door 5 | . . 1 . 1 . 3 . . . Terminal Index 1 | . 1 . . . . . . . . Unreport Threat 2 | . 1 . . . . 1 . . . Disarm Traps 1 | . . . . . . 1 . . . Zone Layout 2 | . 1 . . . 1 . . . . Derelict Proto ID Bank 1 | . . . 1 . . . . . . Fabricator Hacks . | . . . . . . . . . . Repair Station Hacks 7 | . 4 . . . . 3 . . . Scan Component 4 | . 2 . . . . 2 . . . Repair 3 | . 2 . . . . 1 . . . Recycling Unit Hacks . | . . . . . . . . . . Scanalyzer . | . . . . . . . . . . Garrison Access Hacks 1 | . . . . . . 1 . . . Unlock Access 1 | . . . . . . 1 . . . Unauthorized Hacks 9 | . 7 . . . 1 1 . . . Terminals 8 | . 7 . . . 1 . . . . Botnet 3 | . 2 . . . 1 . . . . Skim 5 | . 5 . . . . . . . . Fabricators . | . . . . . . . . . . Repair Stations 1 | . . . . . . 1 . . . Patch 1 | . . . . . . 1 . . . Recycling Units . | . . . . . . . . . . Scanalyzers . | . . . . . . . . . . Garrison Access . | . . . . . . . . . . Data Cores Recovered 1 | . . . . . . 1 . . . Used . | . . . . . . . . . . Hacking Detections 13 | . 2 . . . . 9 . 2 . Full Trace Events 4 | . . . . . . 4 . . . Feedback Events . | . . . . . . . . . . Feedback Blocked . | . . . . . . . . . . Robot Schematics Acquired . | . . . . . . . . . . Robots Built . | . . . . . . . . . . Authchips . | . . . . . . . . . . Time . | . . . . . . . . . . Total Robot Build Rating . | . . . . . . . . . . Part Schematics Acquired . | . . . . . . . . . . Parts Built . | . . . . . . . . . . Authchips . | . . . . . . . . . . Time . | . . . . . . . . . . Total Part Build Rating . | . . . . . . . . . . Parts Repaired 3 | . 2 . . . . 1 . . . Time 78 | . 52 . . . . 26 . . . Parts Recycled . | . . . . . . . . . . Recycled Matter . | . . . . . . . . . . Retrieved Matter . | . . . . . . . . . . Retrieved Components . | . . . . . . . . . . Parts Scanalyzed . | . . . . . . . . . . Part Schematics Acquired . | . . . . . . . . . . Parts Damaged . | . . . . . . . . . . Bothacking | -11 -10 -10 -10 -9 -8 -8 -8 -8 -8 ------------ Run | Yrd Mat Min Exi Min Mat Sto Gar Rec Scr Used RIF Installer . | . . . . . . . . . . Robots Hacked . | . . . . . . . . . . Non-combat . | . . . . . . . . . . Combat . | . . . . . . . . . . Robot Hacks Applied . | . . . . . . . . . . Relay Couplers Released 16 | . . . . . . . 16 . . Machine Destruction 13 | . . . . . . . 13 . . Programmers 3 | . . . . . . . 3 . . Fabnet Peak Effective % . | . . . . . . . . . . Robots Rewired 17 | . . . . . . . 9 8 . Allies Hacked . | . . . . . . . . . . Hacks Repelled . | . . . . . . . . . . Allies | -11 -10 -10 -10 -9 -8 -8 -8 -8 -8 -------- Run | Yrd Mat Min Exi Min Mat Sto Gar Rec Scr Total Allies 29 | . . . . . . 12 9 8 . Largest Group 15 | . . . . . . 10 10 15 15 Highest-Rated Group 308 | . . . . . . 173 173 308 308 Highest-Rated Ally 34 | . . . . . . 29 29 34 34 Total Orders 6 | . . . . . . 1 . 2 3 STAY 4 | . . . . . . . . 1 3 FOLLOW 1 | . . . . . . . . 1 . RETURN 1 | . . . . . . 1 . . . Ally Attacks 136 | . . . . . . 5 99 2 30 Total Damage 2159 | . . . . . . 18 1307 29 805 Kills 16 | . . . . . . . 14 1 1 Allies Corrupted . | . . . . . . . . . . Allies Melted . | . . . . . . . . . . Intel | -11 -10 -10 -10 -9 -8 -8 -8 -8 -8 ------- Run | Yrd Mat Min Exi Min Mat Sto Gar Rec Scr Robot Analysis Total 2 | . 2 . . . . . . . . Derelict Logs Recovered 2 | . . 2 . . . . . . . Drone Launches 6 | . . . . . . 6 . . . Drone Recoveries 6 | . . . . . . 6 . . . Exploration | -11 -10 -10 -10 -9 -8 -8 -8 -8 -8 ------------- Run | Yrd Mat Min Exi Min Mat Sto Gar Rec Scr Turns Passed 10376 | . 1324 1061 499 208 300 2270 1704 1008 2002 Spaces Moved 4116 | 1 631 451 257 119 142 733 607 361 814 Core . | . . . . . . . . . . Treads 2776 | . . . . 119 142 733 607 361 814 Legs 1313 | 1 631 451 230 . . . . . . Wheels 27 | . . . 27 . . . . . . Hover . | . . . . . . . . . . Flight . | . . . . . . . . . . Fastest Speed 100 | 120 120 190 100 160 160 240 240 240 240 Average Speed 217 | 120 178 190 187 160 169 240 240 240 241 Slowest Speed 260 | 120 190 190 260 160 240 240 240 240 242 Overloaded Moves . | . . . . . . . . . . Propulsion Burnouts . | . . . . . . . . . . Robots Hopped . | . . . . . . . . . . Cave-ins Triggered . | . . . . . . . . . . Exploration Rate (%) 50 | 2 93 48 60 36 14 88 49 58 53 Regions Visited 9 Branch Regions 6 Pre-discovered Areas 1 | . . . 1 . . . . . . Known Exits Taken 3 | . . 1 . . 1 1 . . . Unknown Exits Taken 5 | 1 1 . 1 1 . . . 1 . Scrap Searched 9 | . . 1 . 1 . . . . 7 Spaces Dug . | . . . . . . . . . . Terrain Destroyed 37 | . 11 . . . . 11 15 . . Melee . | . . . . . . . . . . Projectile . | . . . . . . . . . . AOE 37 | . 11 . . . . 11 15 . . Terrain Rammed . | . . . . . . . . . . Walls Destroyed . | . . . . . . . . . . Machines Disabled . | . . . . . . . . . . Actions | -11 -10 -10 -10 -9 -8 -8 -8 -8 -8 --------- Run | Yrd Mat Min Exi Min Mat Sto Gar Rec Scr Total 4983 | . 747 544 271 135 174 1029 755 488 840 Wait 191 | . 58 12 . . . 101 4 14 2 Move 4107 | . 630 450 256 118 141 732 606 360 814 Hop . | . . . . . . . . . . Pick Up 46 | . 3 2 . 5 10 16 4 1 5 Fast Attach 28 | . 4 3 . 2 3 11 3 1 1 Attach 20 | . . 4 2 3 2 4 2 . 3 Detach 8 | . . 1 2 . . 4 . 1 . Swap 48 | . 7 8 4 3 1 15 5 . 5 Drop 65 | . 4 6 4 3 3 28 12 1 4 Fire 289 | . 40 57 3 . 14 109 52 8 6 Melee . | . . . . . . . . . . Ram . | . . . . . . . . . . Kick 2 | . 1 1 . . . . . . . Crush 10 | . . . . 1 . 9 . . . Escape Stasis 2 | . . . . . . . 2 . . Rewire 167 | . . . . . . . 65 102 . Trap . | . . . . . . . . . . Miscellaneous . | . . . . . . . . . . Route ------- -11/Scrapyard -10/Materials (discovered 5 exits: *Mat x3 / *Min / Sub) -10/Mines -10/Exiles -9/Mines -8/Materials (discovered 2 exits: *Sto x2) -8/Storage (discovered 2 exits: [*Fac] / Gar) -8/Garrison -8/Recycling -8/Scraptown (discovered 1 exit: [*Fac]) History --------- Turn | Location | Event 1 | -11/Scrapyard | Discovered new exit (range 0) 1 | -11/Scrapyard | Entered Materials 163 | -10/Materials | Discovered new exit (range 15) 307 | -10/Materials | Build established: Mutant 583 | -10/Materials | Learned 2 Mines zone layouts 652 | -10/Materials | Loaded intel: 17 trap records 701 | -10/Materials | Central database locked down 712 | -10/Materials | Identified exit to Subcaves 712 | -10/Materials | Identified exit to Materials 801 | -10/Materials | Derelicts attacked the area 856 | -10/Materials | Loaded intel: 25 non-interactive machine locations 895 | -10/Materials | Discovered exit to Materials (range 15) 929 | -10/Materials | Learned Storage terminal intel 981 | -10/Materials | Learned location of 2 exits from Subcaves 1088 | -10/Materials | Discovered exit to Materials (range 15) 1175 | -10/Materials | Repaired Assault Rifle 1203 | -10/Materials | Repaired Assault Rifle 1325 | -10/Materials | Entered Mines 1380 | -10/Mines | Identified exit to Exiles 1401 | -10/Mines | Deemed a non-threat by the Exiles lab entrance 1447 | -10/Mines | Found the Drone Emporium 1458 | -10/Mines | Found Prototype Device 1524 | -10/Mines | Identified Splice Drone Bay 1729 | -10/Mines | Learned Materials non-interactive machine intel 1897 | -10/Mines | Build established: Scavenger-Mutant 1958 | -10/Mines | Excavation squad dispatched 1958 | -10/Mines | A large section of the Mines collapsed 2000 | -10/Mines | Core integrity fell below 50% 2059 | -10/Mines | Core integrity fell below 20% 2386 | -10/Mines | Entered Exiles 2441 | -10/Exiles | Met 8R-AWN 2470 | -10/Exiles | Met EX-HEX 2525 | -10/Exiles | Met EX-BIN 2551 | -10/Exiles | Aligned with FarCom system 2553 | -10/Exiles | Given EX-Vault access code 2605 | -10/Exiles | Opened EX-Vault 2650 | -10/Exiles | Warned to stay clear of 0b10 Research branches 2709 | -10/Exiles | Met EX-DEC 2724 | -10/Exiles | Learned location of Zion (-6) 2858 | -10/Exiles | Attacked by the Exiles 2873 | -10/Exiles | Discovered new exit (range 14) 2885 | -10/Exiles | Entered Mines 3008 | -9/Mines | Discovered new exit (range 5) 3024 | -9/Mines | Met a Derelict who couldn't figure out how to use a Trap Extractor 3093 | -9/Mines | Entered Materials 3093 | -8/Materials | Evolved 4 slots: Propulsion x2, Utility x2 3094 | -8/Materials | Identified exit to Storage 3095 | -8/Materials | Loaded intel: 28 non-interactive machine locations 3119 | -8/Materials | Discovered exit to Storage (range 14) 3393 | -8/Materials | Entered Storage 3394 | -8/Storage | Loaded intel: 13 terminal locations 3620 | -8/Storage | Repaired Lgt. Armor Plating 3756 | -8/Storage | Destroyed 8 combat bots 4064 | -8/Storage | Build established: Mutant 4403 | -8/Storage | Build established: Scavenger-Mutant 5126 | -8/Storage | Discovered new exit (range 16) 5393 | -8/Storage | First assault squad dispatched 5496 | -8/Storage | Assisted by bots powering up and referring to "LRC-V3" 5647 | -8/Storage | Identified exit to Garrison 5663 | -8/Storage | Entered Garrison 5663 | -8/Garrison | Accompanied by 10 allies 5675 | -8/Garrison | Triggered checkpoint 5705 | -8/Garrison | Triggered checkpoint 5725 | -8/Garrison | Triggered checkpoint 5805 | -8/Garrison | Build established: Commander-Mutant 5847 | -8/Garrison | Garrison Relay disabled 5947 | -8/Garrison | Triggered checkpoint 6038 | -8/Garrison | Lost 10 allies 6159 | -8/Garrison | Triggered checkpoint 6187 | -8/Garrison | Garrison Relay disabled 6257 | -8/Garrison | Discovered new exit (range 15) 6269 | -8/Garrison | Build established: Scavenger-Mutant 7056 | -8/Garrison | Garrison Relay disabled 7188 | -8/Garrison | Build established: Commander-Mutant 7205 | -8/Garrison | Triggered checkpoint 7237 | -8/Garrison | Triggered checkpoint 7367 | -8/Garrison | Entered Recycling 7367 | -8/Recycling | Accompanied by 7 allies 8288 | -8/Recycling | Scanned before Scraplab entrance 8325 | -8/Recycling | Entered Scraplab 8344 | -8/Recycling | Discovered new exit (range 3) 8375 | -8/Recycling | Entered Scraptown 8375 | -8/Scraptown | Accompanied by 15 allies 8375 | -8/Scraptown | System corruption cleaned by C-Scrubber 8771 | -8/Scraptown | Discovered new exit (range 13) 8934 | -8/Scraptown | Heard Great Nut preacher, LISTEN AND RECITE! 8942 | -8/Scraptown | Visited Cyclists 8999 | -8/Scraptown | Visited Spacefarers 9050 | -8/Scraptown | Visited Bundlers 9437 | -8/Scraptown | Visited The Evicted 9471 | -8/Scraptown | Visited IN-MT5's Study 9568 | -8/Scraptown | Visited Junk Repository 9626 | -8/Scraptown | Visited Junk Repository 10356 | -8/Scraptown | Attacked by Scraptown defenders 10376 | -8/Scraptown | Core integrity fell below 50% 10377 | -8/Scraptown | Self-destructed Last Messages --------------- 10366_ Defender 3b destroyed. 10366_ Defender 3a destroyed. 10367_ Siege Slug penetrates Defender 3c. 10367_ Siege Slug penetrates Wall. 10368_ Triborg suffers critical hit (Burn). 10369_ Siege Slug penetrates Defender 3c. 10369_ Defender 3c destroyed. 10370_ Imp. Heat Sink destroyed. 10370_ Savior 3b destroyed. 10371_ Siege Slug penetrates Commando 3e. 10371_ Commando 3e destroyed. 10373_ ZD-RJU(j) heat short circuits Mak. Microdissipator Network. 10373_ Savior 3a destroyed. 10373_ Penetrated by Siege Slug. 10373_ Lgt. Treads destroyed. 10375_ Penetrated by Siege Slug. 10375_ Siege Slug penetrates Wall. 10375_ Enclosure breached. 10376_ Critical hit (Impale). 10377_ ZD-RJU(j) overheating. Map ----- +----------------------------------------------------+ | #=!?[! #? #??????# !!#|!#??????????????????? | | #! # # #???#! # # #??????????????????? | | ### # #???# #??????????????????? | | ?# # #???# #??????????????????? | | ### ### ################## ####????????????????? | | # #????????????????? | | # #????????????????? | | # #????????????????? | | #????????????????? | | # #????????????????? | | # ################# #????????????????? | | # #???????????????# #????????????????? | | # #######?????????# #????????????????? | | # # """"?????????# #????????????????? | | # # ?????????# #????????????????? | | # # ????????# #????????????????? | | # # """ ????????# ###??????????????? | | # # """ ?# ?????# ""#"#????????????? | | # # """ # "???## """"#????????????? | | # # """ # "" ??;# j ""###????????????? | | # # """ # " ??; ###??????????????? | | # # #c" " ## %!!* % #####????????????? | | # " " # ;; =%%% "????????????? | | # # """""#?? ;;%%%!% "????????????? | | # #########?????#;;!% x%[ "????????????? | | # #???????????????# @=%[ "????????????? | | # ###############;!! [ !TT "????????????? | | # !%=!%[ TT "????????????? | | *%[%* "????????????? | | # =%! "????????????? | | # *!! "????????????? | | # "????????????? | | ] [= E g #"????????????? | | = #?????????????? | | #?????????????? | | ########## ### ######### ####?????????????? | | ???#"" ""### #?# #????????????????? | | ???#"" " """#?#""" "#?# #????????????????? | | ???#""" " ""#?# " "#?# #????????????????? | | ???#"" " "#?# " ""#?# #????????????????? | | ???#" " "#?# " """#?# #????????????????? | | ???#" "" "#?# " ""#?# #????????????????? | | ???#"" """ ""#?###" "#?# #????????????????? | | ???#"" """""""#???" " "#?# #????????????????? | | ???#""??? """"#???#"""""""#?# #????????????????? | | ?????????"""""????#########?# #????????????????? | | ?????????###????????????????# #????????????????? | | ???????????????????????###### #????????????????? | | ?????????????????????"""""""" #????????????????? | | ????????????????????""" """"" #????????????????? | +----------------------------------------------------+ Best States ------------- Heat Dissipation 55 Energy Generation 16 Energy Capacity 290 Matter Stores 300 Matter Capacity 300 Sight Range 16 Terrain Scan Range 16 Terrain Scan Density 10 Armor Coverage 600 Resistance: EM 20 Evasion (%) 55 Recoil Reduction 4 Item Schematics ----------------- None Robot Schematics ------------------ None Fabricated ------------ Nothing Alien Tech Used ----------------- None Achievements -------------- None Challenges ------------ None Game ------ Seed RagnarokArmageddonShielding Manual? 0 Play Time 00:37:48 Cumulative 432.2 hours Start 2024.09.02 @ 02:48:59 End 2024.09.02 @ 03:26:54 Sessions 1 Manual Loads 0 Difficulty Rogue Special Mode None Game No. 437 Rogue 437 Adventurer 0 Explorer 0 Win Type - Total 31 Types 16/3/6/1/2/0/3/0/0 Lore% 86 Gallery% 88 Achievement% 82 Wizard Run 0 Options --------- Layout 0 ASCII 0 Keyboard 0 Movement Arrows Keybinds 0 Fullscreen 2 Font 24/Smallcaps Map View 76x50 Zoom Use 0% Tactical HUD 1 Map Filters NONE Filters NONE Steam 1 RUN: b48ad305-57e0-449a-a249-c92813ebfe22